 Dungeon Crawl Stone Soup version 0.28.0-43-g3370ac3207 (webtiles) character file.

Game seed: 13632151961931387292

5836 crimpus the Basher (level 10, -2/91 HPs)
             Began as a Troll Berserker on Mar 15, 2022.
             Was an Elder of Trog.
             Slain by a two-headed ogre
             ... wielding a +0 giant club
              (11 damage)
             ... on level 9 of the Dungeon.
             The game lasted 00:11:21 (7230 turns).

crimpus the Basher (Troll Berserker)                Turns: 7230, Time: 00:11:22

Health: -2/91      AC:  7    Str: 31    XL:     10   Next: 51%
Magic:  0/9        EV: 10    Int:  1    God:    Trog [****..]
Gold:   124        SH:  0    Dex:  9    Spells: 9/9 levels left

rFire   . . .      SeeInvis +   m - +0 giant spiked club (vamp)
rCold   + . .      Faith    .   (shield currently unavailable)
rNeg    . . .      Spirit   +   b - +0 animal skin
rPois   +          Reflect  .   h - +0 hat
rElec   .          Harm     .   q - +2 cloak {rPois}
rCorr   .          Rampage  .   (gloves unavailable)
Will    +....                   (boots unavailable)
Stlth   +.........              e - amulet of guardian spirit
HPRegen 1.05/turn               f - ring of willpower
MPRegen 0.11/turn               y - ring of see invisible

@: mighty, on berserk cooldown, slowed, very slow
A: large, unfitting armour, claws 3, regeneration 1, shaggy fur 1, tough skin 1,
cold resistance 1, dopey 1, frail 1
a: Renounce Religion, Berserk, Trog's Hand, Brothers in Arms


You were on level 9 of the Dungeon.
You worshipped Trog.
Trog was greatly pleased with you.
You visited 1 branch of the dungeon, and saw 9 of its levels.

You collected 452 gold pieces.
You spent 328 gold pieces at shops.

Inventory:

Hand Weapons
 m - a +0 vampiric giant spiked club (weapon)
Missiles
 s - 2 throwing nets (quivered)
Armour
 b - a +0 animal skin (worn)
 h - a +0 hat (worn)
 o - a +0 cloak
 q - a +2 cloak of poison resistance (worn)
Jewellery
 e - an amulet of guardian spirit (around neck)
 f - a ring of willpower (left claw)
 g - a ring of flight
 j - a ring of willpower
 u - a +4 ring of evasion
 y - a ring of see invisible (right claw)
Wands
 k - a wand of digging (8)
 l - a wand of polymorph (4)
 p - a wand of paralysis (6)
 t - a wand of iceblast (12)
Scrolls
 a - 3 scrolls of teleportation
 c - 6 scrolls of identify
 d - 2 scrolls of summoning
 w - a scroll of enchant armour {unknown}
Potions
 i - a potion of flight
 n - a potion of curing
 v - a potion of lignification
 x - a potion of haste {unknown}


   Skills:
 + Level 7.5 Fighting
 + Level 12.5 Maces & Flails
 - Level 2.4 Dodging


You had 9 spell levels left.
You didn't know any spells.
Your spell library was empty.

Dungeon Overview and Level Annotations

Branches:
Dungeon (9/15)             Temple (0/1) D:5
   Lair: D:8-11         Orc: D:9-12

Altars:
Dithmenos
Hepliaklqana
Nemelex Xobeh
Ru
Trog

Shops:
D:1 !   D:5 ?

Annotations:
D:9 3 runed translucent doors


Innate Abilities, Weirdness & Mutations

You are too large for most types of armour.
You have claws for hands.
Your natural rate of healing is unusually fast.
You are covered in fur. (AC +1)
You have tough skin. (AC +1)
Your flesh is cold resistant. (rC+)
You are dopey. (Int -2)
You are frail. (-10% HP)


Message History

The chaos spawn hits you!
You completely miss the kobold demonologist.
The kobold demonologist is severely wounded.
The yak bellows!
The kobold demonologist closely misses you.
The neqoxec closely misses you. The chaos spawn gores you.
The chaos spawn freezes you! You resist.
The kobold demonologist closely misses you.
The neqoxec closely misses you.
The chaos spawn gores you but does no damage.
You feel very mighty all of a sudden.
The kobold demonologist hits you with a +0 dagger.
The neqoxec gestures at you.
Strange energies course through your body.
You no longer feel strong-willed.
The chaos spawn gores you but does no damage.
You impale the kobold demonologist!!
You kill the kobold demonologist!
Trog accepts your kill.
Trog appreciates your killing of a magic user.
The iron imp disappears in a puff of smoke! x2
The chaos spawn degenerates into a cloud of primal chaos!
The neqoxec disappears in a puff of smoke!
You barely miss the two-headed ogre.
The two-headed ogre hits you with a +0 giant club!
* * * LOW HITPOINT WARNING * * *
The two-headed ogre hits you with a +0 giant club.
* * * LOW HITPOINT WARNING * * *
You thump the two-headed ogre!
You feel better.
The two-headed ogre is lightly wounded.
The two-headed ogre barely misses you.
The two-headed ogre hits you with a +0 giant club!
* * * LOW HITPOINT WARNING * * *
The two-headed ogre hits you with a +0 giant club!
* * * LOW HITPOINT WARNING * * *
The two-headed ogre hits you with a +0 giant club.
* * * LOW HITPOINT WARNING * * *
You feel better.
The two-headed ogre hits you with a +0 giant club!
You die...

.######.......#u#.#.#
..............#u..!#
...!......##.#######
..........####
..........#
♣.........#
........oo# ###..
..♣.....YD###......
o.......hYO@...♣
♣.......oo##..♣#
..........# #.♣
..........# .♣
.......... .
........# ..
........# ♣♣ .......


You could see a two-headed ogre, 2 yaks, a steam dragon, a howler monkey and 3
orcs.

Vanquished Creatures
  A two-headed ogre (D:8)
  The ghost of issech the Cudgeller, a novice TrMo (D:5)
  A kobold demonologist (D:9)
  A troll (D:9)
  A wyvern (D:9)
  2 steam dragons (D:7)
  2 water moccasins (D:7)
  Duvessa (D:6)
  3 orc warriors
  3 necrophages
  2 ice beasts
  2 centaurs
  An ogre (D:4)
  A kobold brigand (D:8)
  2 phantoms
  5 bullfrogs
  4 scorpions
  A wyvern skeleton (D:7)
  Dowan (D:6)
  A water moccasin skeleton (D:6)
  10 wights (D:6)
  4 killer bees
  2 howler monkeys (D:9)
  A centaur zombie (D:5)
  3 hounds
  9 orc priests
  2 jellies
  A bullfrog skeleton (D:5)
  A gnoll shaman (D:7)
  Crazy Yiuf (D:6)
  3 iguanas
  4 orc wizards
  4 gnolls
  A howler monkey skeleton (D:6)
  7 adders
  A shadow imp (D:5)
  4 adder skeletons (D:4)
  A worm (D:2)
  A dart slug (D:5)
  32 orcs
  6 ball pythons
  3 bats (D:1)
  4 endoplasms
  6 giant cockroaches
  12 goblins
  10 hobgoblins
  8 jackals
  A quokka (D:5)
  3 frilled lizards
  11 kobolds
  5 rats
197 creatures vanquished.

Vanquished Creatures (others)
  10 fungi (D:9)
  6 plants (D:9)
16 creatures vanquished.

Grand Total: 213 creatures vanquished

Notes
Turn   | Place    | Note
-------+----------+-------------------------------------------
     0 | D:1      | crimpus the Troll Berserker began the quest for the Orb.
     0 | D:1      | Reached XP level 1. HP: 22/22 MP: 0/0
    78 | D:1      | Reached skill level 3 in Maces & Flails
   115 | D:1      | Reached XP level 2. HP: 29/29 MP: 1/1
   242 | D:1      | Found Xohaocw's Distillery.
   277 | D:1      | Reached XP level 3. HP: 10/36 MP: 2/2
   789 | D:2      | You fall into a shaft and drop 1 floor!
   839 | D:2      | Reached ** piety under Trog
   932 | D:2      | Reached XP level 4. HP: 45/45 MP: 3/3
  1231 | D:2      | Found a faded altar of an unknown god.
  1311 | D:3      | Reached skill level 4 in Maces & Flails
  1707 | D:3      | Reached XP level 5. HP: 30/53 MP: 1/4
  1790 | D:3      | Noticed an ice beast
  1801 | D:3      | Killed an ice beast
  1802 | D:3      | Reached skill level 5 in Maces & Flails
  2068 | D:4      | Reached XP level 6. HP: 62/62 MP: 5/5
  2395 | D:1      | Bought a potion of mutation for 88 gold pieces
  2395 | D:1      | Gained mutation: You are dopey. (Int -2) [potion of
                  | mutation]
  2395 | D:1      | Gained mutation: You are strong-willed. (Will+) [potion of
                  | mutation]
  2395 | D:1      | Gained mutation: Your flesh is cold resistant. (rC+)
                  | [potion of mutation]
  2444 | D:5      | Entered Level 5 of the Dungeon
  2504 | D:4      | Found a sacrificial altar of Ru.
  2530 | D:4      | Reached skill level 6 in Maces & Flails
  2530 | D:4      | Reached XP level 7. HP: 70/70 MP: 6/6
  2702 | D:4      | Reached *** piety under Trog
  3054 | D:4      | Found a bloodstained altar of Trog.
  3091 | D:4      | Found a sparkling altar of Nemelex Xobeh.
  3133 | D:5      | Found a staircase to the Ecumenical Temple.
  3328 | D:5      | Found Pevoad's Magic Scroll Shoppe.
  3359 | D:5      | Reached skill level 7 in Maces & Flails
  3671 | D:5      | Reached XP level 8. HP: 73/79 MP: 7/7
  3714 | D:5      | Found a runed translucent door.
  3715 | D:5      | Noticed issech's ghost (novice TrMo)
  3872 | D:5      | Killed issech's ghost
  3873 | D:5      | Reached skill level 5 in Fighting
  3873 | D:5      | Reached skill level 8 in Maces & Flails
  3900 | D:5      | Bought a scroll of brand weapon for 240 gold pieces
  4000 | D:6      | Reached skill level 9 in Maces & Flails
  4182 | D:6      | Noticed Dowan
  4183 | D:6      | Noticed Duvessa
  4185 | D:6      | Killed Dowan
  4193 | D:6      | Killed Duvessa
  4198 | D:6      | Reached XP level 9. HP: 72/86 MP: 5/8
  4473 | D:6      | Reached skill level 10 in Maces & Flails
  4831 | D:6      | Found a runed translucent door.
  4832 | D:6      | Noticed Crazy Yiuf
  4840 | D:6      | Killed Crazy Yiuf
  5324 | D:7      | Reached skill level 11 in Maces & Flails
  5504 | D:7      | Found a hazy altar of Hepliaklqana.
  5506 | D:7      | Found a shadowy altar of Dithmenos.
  6105 | D:8      | Reached **** piety under Trog
  6433 | D:8      | Noticed a two-headed ogre
  6439 | D:8      | Killed a two-headed ogre
  6440 | D:8      | Reached XP level 10. HP: 102/102 MP: 7/9
  6909 | D:9      | Reached skill level 12 in Maces & Flails
  7172 | D:9      | Found a runed translucent gate.
  7172 | D:9      | Found a runed translucent gate.
  7172 | D:9      | Found a runed translucent gate.
  7173 | D:9      | Noticed a cyan ugly thing
  7173 | D:9      | Noticed a glowing orange brain
  7173 | D:9      | Noticed a cyan ugly thing
  7173 | D:9      | Noticed a brown ugly thing
  7174 | D:9      | Noticed a red ugly thing
  7174 | D:9      | Noticed a red ugly thing
  7210 | D:9      | Noticed a rust devil
  7213 | D:9      | Noticed a two-headed ogre
  7224 | D:9      | Gained mutation: You are frail. (-10% HP) [a neqoxec]
  7226 | D:9      | Lost mutation: You are strong-willed. (Will+) [a neqoxec]
  7229 | D:9      | HP: 2/91 [two-headed ogre/+0 giant club (5)]
  7230 | D:9      | Slain by a two-headed ogre

Illustrated notes

Levels and vault maps discovered:
D:1:      saegor_arrival_simple_d, layout_basic, serial_shops,
          nicolae_shop_behind_doors, hex_intersection, minmay_worlds_worst_comb
D:2:      cheibrodos_greedy_goblins, layout_rooms,
          hellmonk_ecumenical_altar_inner_sanctum
D:3:      layout_rooms, minmay_unequal
D:4:      layout_basic, mainiacjoe_overflow_paths, mainiacjoe_overflow_two_lobes
D:5:      layout_loops_ring, minmay_temple_entry_glass,
          ebering_ghost_reflecting_pool, serial_shops, nicolae_shop_behind_doors
D:6:      layout_loops_ring, uniq_crazy_yiuf_cottage, uniq_duvessa
D:7:      layout_cave_pods, riverfiend_overflow_shadow_ancestor, minivault_27,
          chequers_mini_garden, minmay_misc_feat_room
D:8:      layout_gridville
D:9:      layout_small_grid, makhleb_altar_promises_db,
          grunt_lair_entry_orc_guard_hut,
          ploomutoo_gammafunk_ghost_potion_laboratory, grunt_ministairs_2,
          minmay_stone_trees_medium

Skill      XL: |  1  2  3  4  5  6  7  8  9 10 |
---------------+-------------------------------+-----
Maces & Flails | 3 4 5 6 7 9 11 12 | 12.5
Fighting       | 3 4 5 7 |  7.5
Dodging        | |  2.4

Action                   |  1- 3 |  4- 6 |  7- 9 | 10-12 || total
-------------------------+-------+-------+-------+-------++-------
Melee: Mace              |   133 |    77 |       |       ||   210
       Flail             |       |    68 |       |       ||    68
       Giant spiked club |       |       |   290 |    89 ||   379
Invok: Berserk           |     1 |     2 |    10 |     2 ||    15
       Trog's Hand       |       |       |     2 |     1 ||     3
  Use: Potion            |     1 |     2 |     3 |     2 ||     8
       Scroll            |     1 |     1 |     5 |       ||     7
Armor: Animal skin       |    82 |    43 |    88 |    57 ||   270
Dodge: Dodged            |   109 |    87 |   151 |    61 ||   408
